 Dungeon Crawl Stone Soup version 0.31.0-11-ge490571c62 (webtiles) character file.

Game seed: 9568180867535141432

112 qw the Shooter (level 4, 0/22 HPs)
             Began as a Spriggan Hunter on Feb 3, 2024.
             Slain by Terence
             ... wielding a +4 flail of protection
              (3 damage)
             ... on level 2 of the Dungeon.
             The game lasted 00:00:04 (1086 turns).

qw the Shooter (Spriggan Hunter)                    Turns: 1086, Time: 00:00:05

Health: 0/22       AC:  2    Str:  7    XL:     4   Next: 64%
Magic:  5/5        EV: 20    Int: 10    God:
Gold:   78         SH:  0    Dex: 20    Spells: 3/3 levels left

rFire   . . .        a - +0 shortbow
rCold   . . .        (shield currently unavailable)
rNeg    . . .        c - +0 robe
rPois   .            (helmet restricted)
rElec   .            (no cloak)
rCorr   .            (gloves unavailable)
SInv    +            (boots unavailable)
Will    .....        (no amulet)
Stlth   ++           (no ring)
HPRegen 0.23/turn    (no ring)
MPRegen 0.09/turn

%: no passive effects
@: very quick
A: very small, no large weapons, unfitting armour, see invisible, speed 3
a: no special abilities


You were on level 2 of the Dungeon.
You visited 1 branch of the dungeon, and saw 2 of its levels.

You collected 104 gold pieces.
You spent 26 gold pieces at shops.


Innate Abilities, Weirdness & Mutations

You are very small and have problems with some larger weapons.
You are too small for most types of armour.
You have supernaturally acute eyesight. (SInv)
You cover ground extremely quickly. (Speed+++)


   Skills:
 - Level 1.5 Fighting
 - Level 5.2 Ranged Weapons
 + Level 4.8 Dodging
 - Level 1.5 Stealth


You had 3 spell levels left.
You didn't know any spells.
Your spell library was empty.

Inventory:

Hand Weapons
 a - a +0 shortbow (weapon)
Armour
 c - a +0 robe (worn)
Jewellery
 f - a ring of flight
Scrolls
 b - a scroll of revelation {unknown}
 d - 5 scrolls of identify
Potions
 e - 2 potions of curing

Dungeon Overview and Level Annotations

Branches:
Dungeon (2/15)

Altars:

Shops:
D:1 (*(*!   D:2 [

Annotations:
D:2 Terence


Message History

You see here a quokka corpse.
Found a whip.
Found a stone staircase leading up.
Enter note:
Enter note:
Enter note:
There is a stone staircase leading up here.
An adder comes into view.
You shoot an arrow. The arrow hits the adder.
The adder hisses angrily.
The adder is moderately wounded.
Terence the Incautious comes into view.
He is wielding a +4 flail of protection.
You shoot an arrow.
The arrow hits Terence but does no damage.
You shoot an arrow. The arrow hits Terence.
Terence is moderately wounded.
You shoot an arrow.
The arrow hits Terence but does no damage.
Terence is moderately wounded.
Terence hits you with a +4 flail of protection!
You shoot an arrow. The arrow hits Terence.
Terence is moderately wounded.
Terence barely misses you.
You shoot an arrow.
The arrow hits Terence but does no damage.
Terence is moderately wounded.
Terence hits you with a +4 flail of protection!
Ouch! That really hurt!
You shoot an arrow.
The arrow hits Terence but does no damage.
Terence is moderately wounded.
Terence closely misses you.
You shoot an arrow. The arrow hits Terence.
Terence is heavily wounded.
Terence barely misses you.
You shoot an arrow. The arrow closely misses Terence.
The arrow closely misses the adder.
Terence hits you with a +4 flail of protection.
You die...
Terence says, "Rest in peace."

#.........##
#..
#.####.##.## ..
#.##.## ..
#...... .###
######. ..# #.
# #.# # #.
#.##.##.# #.
#....@@S# #.
####.##......
##. #.## .....
##.# #..# ....
#.## ##.# .##
#..# #.# #.#
#.#. #.# ..
#.##
#########.####.
#.#
#.......#..<##.
#.#


You could see Terence and an adder.

Vanquished Creatures
  A hound (D:2)
  A gnoll (D:1)
  4 adders (D:2)
  3 bats (D:1)
  6 endoplasms
  A giant cockroach (D:2)
  3 hobgoblins
  2 jackals (D:1)
  3 kobolds
  2 quokkas (D:2)
  2 ball pythons (D:2)
  A frilled lizard (D:1)
  4 goblins
  3 rats
36 creatures vanquished.

Notes
Turn   | Place    | Note
-------+----------+-------------------------------------------
     0 | D:1      | qw the Spriggan Hunter began the quest for the Orb.
     0 | D:1      | Reached XP level 1. HP: 10/10 MP: 2/2
     0 | D:1      | 0 ||| qw: Version: 0.3-a-158-g18b3111
     0 | D:1      | 0 ||| qw: Game counter: 4160
     0 | D:1      | 0 ||| qw: Melee chars always use a shield: true
     0 | D:1      | 0 ||| qw: God list: Okawaru
     0 | D:1      | 0 ||| qw: Allow faded altars: false
     0 | D:1      | 0 ||| qw: Do Orc after clearing Dungeon:15 true
     0 | D:1      | 0 ||| qw: Do second Lair branch before Depths: true
     0 | D:1      | 0 ||| qw: Lair rune preference: random
     0 | D:1      | 0 ||| qw: Goals: Normal
     0 | D:1      | 0 ||| PLANNING D:1-11
    20 | D:1      | Found Doxomana's Assorted Antiques.
    33 | D:1      | 33 ||| SHOPLISTING 3 scrolls labelled WYZAUM IXIEJ (78
                  | gold, have 0).
    33 | D:1      | 33 ||| SHOPLISTING golden potion (23 gold, have 0).
    33 | D:1      | 33 ||| SHOPLISTING metallic grey potion (23 gold, have 0).
    33 | D:1      | 33 ||| SHOPLISTING scroll labelled ROULAZ SUYPSOW (26 gold,
                  | have 0).
    33 | D:1      | 33 ||| SHOPLISTING scroll labelled RYUTUS ZITEUQE (26 gold,
                  | have 0).
    63 | D:1      | Found Otullyg's Antique Weapon Shoppe.
    76 | D:1      | Reached skill level 3 in Dodging
   143 | D:1      | Reached XP level 2. HP: 14/14 MP: 3/3
   194 | D:1      | Found Lunk's Distillery.
   208 | D:1      | 208 ||| SHOPLISTING potion of curing (42 gold, have 20).
   208 | D:1      | 208 ||| SHOPLISTING potion of enlightenment (70 gold, have
                  | 20).
   217 | D:1      | Found Gaynoamn's General Store.
   229 | D:1      | Reached XP level 3. HP: 12/18 MP: 4/4
   260 | D:1      | Found Okkal's Weapon Shoppe.
   265 | D:1      | 265 ||| SHOPLISTING +1 robe of positive energy (126 gold,
                  | have 32).
   265 | D:1      | 265 ||| SHOPLISTING potion of curing (39 gold, have 32).
   265 | D:1      | 265 ||| BUYING scroll of identify (26 gold).
   265 | D:1      | Bought a scroll of identify for 26 gold pieces
   274 | D:1      | 274 ||| READING 2 scrolls of identify.
   274 | D:1      | 274 ||| IDENTIFYING smoky silvery potion
   277 | D:1      | You fall into a shaft and drop 1 floor!
   278 | D:2      | 278 ||| DROPPING scroll of butterflies.
   584 | D:2      | Reached skill level 5 in Ranged Weapons
   584 | D:2      | Reached XP level 4. HP: 16/22 MP: 5/5
   595 | D:2      | 595 ||| FLEEEEING.
   596 | D:2      | 596 ||| FLEEEEING.
   933 | D:2      | Found Isistam's Antique Armour Boutique.
  1078 | D:2      | Noticed Terence
  1083 | D:2      | HP: 2/22 [Terence/+4 flail of protection (11)]
  1086 | D:2      | Slain by Terence

Levels and vault maps discovered:
D:1:      ncdulo_smallfort, layout_rooms, serial_shops, shop, shop, shop,
          shop_statue, shop, chequers_serial_rivers_micro_a
D:2:      layout_loops_cross, serial_shops, nicolae_shop_window_shopping,
          uniq_terence

Skill      XL: |  1  2  3 |
---------------+----------+-----
Dodging        | 3 4 |  4.8
Ranged Weapons | 5 |  5.2
Fighting       | |  1.5
Stealth        | |  1.5

Action                     |  1- 3 |  4- 6 || total
---------------------------+-------+-------++-------
   Fire: Shortbow          |    45 |    51 ||    96
    Use: Scroll            |     1 |       ||     1
 Armour: Robe              |     1 |     7 ||     8
  Dodge: Dodged            |    10 |    15 ||    25

Table legend:
 A = Non-vault XP
 B = Vault XP
 C = Vault XP percentage of total XP
 D = Non-vault monster count
 E = Vault monster count
 F = Vault count percentage of total count
                 A         B        C        D         E       F
            +---------+---------+-------+---------+---------+-------
      Total |     161 |       0 |   0.0 |      36 |       0 |   0.0
            +---------+---------+-------+---------+---------+-------
        D:1 |      41 |       0 |   0.0 |      16 |       0 |   0.0
        D:2 |     120 |       0 |   0.0 |      20 |       0 |   0.0
            +---------+---------+-------+---------+---------+-------
